 Dungeon Crawl Stone Soup version 0.24.1-14-gf8d2b509d9 (webtiles) character file.

Game seed: 11796246054245692369, levelgen mode: deterministic

809 wilf the Poker (level 7, -1/48 HPs)
             Began as an Octopode Fighter on June 24, 2020.
             Slain by an ice beast (12 damage)
             ... on level 5 of the Dungeon.
             The game lasted 00:08:28 (4797 turns).

wilf the Poker (Octopode Fighter)                   Turns: 4797, Time: 00:08:30

Health: -1/48      AC:  1    Str: 18    XL:     7   Next: 92%
Magic:  7/7        EV: 14    Int: 10    God:
Gold:   191        SH:  9    Dex: 11    Spells: 6/6 levels left

rFire    . . .     SeeInvis +   a - +0 trident
rCold    . . .     Gourm    .   b - +0 shield
rNeg     . . .     Faith    .   (helmet restricted)
rPois    .         Spirit   .   (no amulet)
rElec    .         Reflect  .   h - ring of see invisible
rCorr    .         Harm     .   v - +2 ring of evasion
MR       .....                  (no ring)
Stlth    ++++......             (no ring)
HPRegen  0.16/turn              (no ring)
MPRegen  0.10/turn              (no ring)
                                (no ring)
                                (no ring)

@: no status effects
A: almost no armour, stealthy swim, amphibious, 8 rings, constrict 8, camouflage
1, gelatinous body 1
a: no special abilities


You were on level 5 of the Dungeon.
You were hungry.

You visited 1 branch of the dungeon, and saw 5 of its levels.

You collected 191 gold pieces.

Inventory:

Hand Weapons
 a - a +0 trident (weapon)
Missiles
 t - a javelin (quivered)
Armour
 b - a +0 shield (worn)
Jewellery
 h - a ring of see invisible (left tentacle)
 v - a +2 ring of evasion (right tentacle)
Wands
 r - a wand of enslavement (10)
 u - a wand of acid (11)
 y - a wand of polymorph (3)
Scrolls
 g - 3 scrolls of magic mapping {unknown}
 i - 7 scrolls of identify {unknown}
 j - 3 scrolls of remove curse {unknown}
 l - a scroll of enchant armour {unknown}
 n - 2 scrolls of immolation {unknown}
 p - a scroll of teleportation {unknown}
 q - a scroll of fog {unknown}
Potions
 c - 2 potions of might
 e - a potion of magic {unknown}
 f - 2 potions of degeneration {unknown}
 k - 2 potions of berserk rage {unknown}
 m - a potion of lignification {unknown}
 o - 4 potions of curing {unknown}
 s - a potion of brilliance {unknown}
 w - a potion of mutation {unknown}
 x - a potion of invisibility {unknown}
 z - a potion of heal wounds {unknown}
Comestibles
 d - 7 rations
 A - 3 chunks of flesh


   Skills:
 + Level 4.2 Fighting
 + Level 5.9 Polearms
 + Level 1.0 Throwing
 + Level 4.3 Dodging
 - Level 4.5 Stealth
 + Level 4.1 Shields


You had 6 spell levels left.
You didn't know any spells.
Your spell library was empty.

Dungeon Overview and Level Annotations

Branches:
Dungeon (5/15)             Temple (0/1) D:5

Altars:

Shops:
D:4 (   D:5 *[

Annotations:
D:3 exclusion: downstairs


Innate Abilities, Weirdness & Mutations

You cannot wear most types of armour.
You are very stealthy in the water. (Stealth+)
You are amphibious.
You can wear up to eight rings at the same time.
You can use your tentacles to constrict eight enemies at once.
Your skin changes colour to match your surroundings (Stealth+).
Your rubbery body absorbs attacks. (AC +1, EV +1)


Message History

You completely miss the ice beast. You squeeze the ice beast.
The ice beast is heavily wounded.
The ice beast hits you. The ice beast freezes you!
You hit the ice beast.
The ice beast is severely wounded.
The ice beast completely misses you. You block the ice beast's attack.
You closely miss the ice beast. You squeeze the ice beast!
The ice beast is almost dead.
The ice beast hits you. The ice beast freezes you!
* * * LOW HITPOINT WARNING * * *
You are too injured to fight recklessly!
You are too injured to fight recklessly!
You are too injured to fight recklessly!
You hit the ice beast but do no damage. Your squeeze misses the ice beast.
The ice beast is almost dead.
You are feeling hungry.
The ice beast hits you.
* * * LOW HITPOINT WARNING * * *
The ice beast freezes you!
You die...

# . ## .#
##.......>....
.###.#
##...[...:.)...
..#..#
#..............
.....##
...............
......#
.........!.....
.......
...............
..##...
.......Y.......
### .
#......@....... #
..###............
...####..<.......
#...# ####.......
#...## #......
#♣....###.####.#
#......#..# #
♣∩♣>.....##
#.........###


You could see an ice beast.

Vanquished Creatures
  Edmund (D:4)
  2 ogres (D:4)
  2 crimson imps
  2 hounds
  An orc priest (D:4)
  Ijyb (D:4)
  An orc wizard (D:4)
  3 worker ants
  A hound skeleton (D:4)
  8 gnolls
  6 adders
  A worm (D:2)
  2 dart slugs
  4 leopard geckos
  10 orcs
  10 giant cockroaches
  8 goblins
  8 hobgoblins
  2 jackals (D:4)
  14 kobolds
  2 quokkas
  2 ball pythons
  9 bats
  7 frilled lizards
  A leopard gecko skeleton (D:5)
  6 rats
114 creatures vanquished.

Notes
Turn   | Place    | Note
-------+----------+-------------------------------------------
     0 | D:1      | wilf the Octopode Fighter began the quest for the Orb.
     0 | D:1      | Reached XP level 1. HP: 16/16 MP: 1/1
    82 | D:1      | Reached XP level 2. HP: 17/21 MP: 2/2
   511 | D:1      | Reached XP level 3. HP: 23/26 MP: 3/3
   987 | D:2      | Reached skill level 1 in Stealth
  1054 | D:2      | Reached XP level 4. HP: 31/31 MP: 4/4
  1620 | D:2      | Reached skill level 3 in Polearms
  1895 | D:3      | Reached XP level 5. HP: 36/36 MP: 5/5
  1977 | D:3      | You fall into a shaft and drop 2 floors!
  1977 | D:5      | Entered Level 5 of the Dungeon
  1977 | D:5      | Found Omuazesem's Assorted Antiques.
  2154 | D:5      | Found Jiubah's Assorted Antiques.
  2510 | D:4      | Reached XP level 6. HP: 43/43 MP: 6/6
  3352 | D:4      | Reached skill level 4 in Polearms
  3539 | D:4      | You fall into a shaft and drop 1 floor!
  3539 | D:5      | Found Jesauf's Antique Armour Shoppe.
  3546 | D:5      | Reached XP level 7. HP: 24/47 MP: 7/7
  4127 | D:4      | Reached skill level 5 in Polearms
  4222 | D:4      | Noticed Ijyb
  4229 | D:4      | Killed Ijyb
  4366 | D:4      | Found Faixkett's Antique Weapon Boutique.
  4486 | D:4      | Noticed Edmund
  4492 | D:4      | Killed Edmund
  4492 | D:4      | Reached skill level 1 in Throwing
  4791 | D:5      | Found a staircase to the Ecumenical Temple.
  4797 | D:5      | Slain by an ice beast

Levels and vault maps discovered:
D:1:      dpeg_arrival_pond, layout_basic
D:2:      layout_basic, first_ration, hangedman_glass_teeth,
          minmay_goblin_kobold_house
D:3:      layout_rooms, serial_bayou_ford_a
D:4:      layout_loops_corners, serial_shops, nicolae_shop_stone, uniq_edmund,
          uniq_ijyb
D:5:      layout_cave_pods, minmay_temple_entry_offerings, serial_column_ruins,
          column_ruins_square_large, column_ruins_open_tiny,
          column_ruins_columns_straight, column_ruins_open_tiny,
          column_ruins_corridor_T, column_ruins_columns_corner, serial_shops,
          shop, nicolae_shop_overgrown_old_shop, nicolae_shop_trees, shop,
          uniq_duvessa

Skill      XL: |  1  2  3  4  5  6  7 |
---------------+----------------------+-----
Stealth        | 1 2 3 4 |  4.5
Polearms       | 3 4 5 |  5.9
Dodging        | 4 |  4.3
Fighting       | 4 |  4.2
Shields        | 4 |  4.1
Throwing       | 1 |  1.0

Action                   |  1- 3 |  4- 6 |  7- 9 || total
-------------------------+-------+-------+-------++-------
Melee: Trident           |    78 |   127 |    67 ||   272
       Constrict         |    14 |    27 |    12 ||    53
       Tentacles         |     7 |    20 |    14 ||    41
Throw: Javelin           |       |     5 |     2 ||     7
 Stab: Sleeping          |     9 |    15 |     4 ||    28
  Eat: Chunk             |     1 |     7 |     4 ||    12
Armor: Skin              |     7 |     3 |     1 ||    11
Dodge: Dodged            |    21 |    36 |    30 ||    87
Block: Shield            |    24 |    27 |    23 ||    74
